 Dungeon Crawl Stone Soup version 0.28-a0-1518-gbe868bca14 (webtiles) character file.

Game seed: 6692243434936535659

65 porpoise the Insei (level 3, -5/28 HPs)
             Began as a Demonspawn Transmuter on Jan 17, 2022.
             Killed by divine providence
             ... invoked by an orc priest
              (17 damage)
             ... on level 3 of the Dungeon.
             The game lasted 00:06:29 (2037 turns).

porpoise the Insei (Demonspawn Transmuter)          Turns: 2037, Time: 00:06:30

Health: -5/28      AC:  3    Str: 12    XL:     3   Next: 92%
Magic:  6/6        EV: 12    Int: 14    God:
Gold:   99         SH:  0    Dex: 13    Spells: 5/6 levels left

rFire   . . .      SeeInvis .     - Unarmed
rCold   . . .      Faith    .   (no shield)
rNeg    . . .      Spirit   .   a - +0 robe
rPois   .          Reflect  .   (no helmet)
rElec   .          Harm     .   k - scarf {repulsion}
rCorr   .          Rampage  .   (no gloves)
Will    .....                   (no boots)
Stlth   ++........              (no amulet)
HPRegen 0.09/turn               (no ring)
MPRegen 0.10/turn               (no ring)

@: repel missiles
A: spiny 1, sharp scales 1
a: no special abilities


You were on level 3 of the Dungeon.
You visited 1 branch of the dungeon, and saw 3 of its levels.

You collected 99 gold pieces.

Inventory:

Hand Weapons
 b - a +0 hunting sling
 w - a +0 short sword
Missiles
 d - 4 datura-tipped darts
 f - 48 stones
 l - 3 poisoned darts
 m - 9 sling bullets
 n - 40 bolts
 o - 2 throwing nets
 q - 25 arrows
Armour
 a - a +0 robe (worn)
 k - a scarf of repulsion (worn)
Scrolls
 c - a scroll of acquirement {unknown}
 e - a scroll of magic mapping {unknown}
 g - 2 scrolls of blinking {unknown}
 h - 2 scrolls of teleportation {unknown}
 i - a scroll of fear {unknown}
 j - 2 scrolls of identify {unknown}
 p - a scroll of holy word {unknown}
Potions
 r - a potion of degeneration {unknown}


   Skills:
 * Level 2.4 Fighting
 - Level 1.7 Dodging
 + Level 1.3 Stealth
 * Level 3.4 Unarmed Combat
 - Level 2.0 Spellcasting
 - Level 1.7 Transmutations


You had 5 spell levels left.
You knew the following spells:

 Your Spells              Type           Power      Damage    Failure   Level
a - Beastly Appendage     Tmut           12%        N/A       12%         1

Your spell library contained the following spells:

 Spells                   Type           Power      Damage    Failure   Level
 Wereblood                Tmut           6%         N/A       17%         2
 Spider Form              Tmut/Pois      3%         N/A       45%         3
 Stone Arrow              Conj/Erth      2%         3d7       56%         3
 Ice Form                 Ice/Tmut       3%         N/A       86%         4
 Animate Armour           Summ/Erth      2%         N/A       93%         4
 Lehudib's Crystal Spear  Conj/Erth      0%         10d2      100%        8


Dungeon Overview and Level Annotations

Branches:
Dungeon (3/15)

Altars:


Innate Abilities, Weirdness & Mutations

You are partially covered in sharp spines.
You are partially covered in razor-sharp scales. (AC +1, Slay +1)


Message History

You hit the orc.
The orc is moderately wounded.
You hit the orc.
The orc is heavily wounded.
The orc hits you with a +0 whip.
You are too injured to fight recklessly!
You are too injured to fight recklessly!
You barely miss the orc.
The orc is heavily wounded.
The orc barely misses you.
Your magical contamination has completely faded away.
You closely miss the orc.
The orc is heavily wounded.
The orc barely misses you.
You hit the orc.
The orc is severely wounded.
The orc misses you.
You hit the orc.
You kill the orc!
You hit the hobgoblin. Your punch misses the hobgoblin.
The hobgoblin is almost dead.
The hobgoblin barely misses you.
You hit the hobgoblin but do no damage.
The hobgoblin is almost dead.
The hobgoblin barely misses you.
You hit the hobgoblin.
You kill the hobgoblin!
You barely miss the orc priest.
The orc priest is struck by your spines.
The orc priest barely misses you.
You completely miss the orc priest.
The orc priest is lightly wounded.
The orc priest is struck by your spines.
The orc priest closely misses you.
You hit the orc priest.
The orc priest is heavily wounded.
The orc priest calls down the wrath of Beogh upon you.
Beogh smites you!
Ouch! That really hurt!
You die...

#....og.....#
######o###..# #.# #.#
######g####.##
######............#
.............o..#.######
######.......o.#......##
##########o.......##
#@)........#
#..........#
##..........#
.............#
..............#
#####........##
#..........#
#>.........#
#<.........#


You could see an orc priest.

Vanquished Creatures
  3 worms (D:2)
  2 dart slugs
  2 orcs (D:3)
  2 endoplasms (D:2)
  3 giant cockroaches
  4 goblins
  7 hobgoblins
  6 jackals
  3 quokkas (D:2)
  2 ball pythons
  5 bats
  2 frilled lizards (D:2)
  3 kobolds
  A rat (D:3)
45 creatures vanquished.

Notes
Turn   | Place    | Note
-------+----------+-------------------------------------------
     0 | D:1      | porpoise the Demonspawn Transmuter began the quest for the
                  | Orb.
     0 | D:1      | Reached XP level 1. HP: 15/15 MP: 3/3
    97 | D:1      | Gained mutation: You are partially covered in sharp spines.
                  | [demonic ancestry]
    97 | D:1      | Reached XP level 2. HP: 17/21 MP: 3/5
   295 | D:1      | Reached skill level 3 in Unarmed Combat
   853 | D:2      | Found a faded altar of an unknown god.
   949 | D:2      | Reached skill level 1 in Stealth
   982 | D:2      | Gained mutation: You are partially covered in razor-sharp
                  | scales. (AC +1, Slay +1) [demonic ancestry]
   982 | D:2      | Reached XP level 3. HP: 12/27 MP: 4/6
  2037 | D:3      | Killed from afar by an orc priest

Illustrated notes

Levels and vault maps discovered:
D:1:      dpeg_arrival_tiny_g, layout_rooms
D:2:      layout_loops_ring, hellmonk_ecumenical_altar_heavens_door,
          minmay_goblin_kobold_house
D:3:      layout_rooms, lemuel_zombie_altar_kikubaaqudgha, marbit_many_paths,
          mainiacjoe_overflow_boulevard

Skill      XL: |  1  2 |
---------------+-------+-----
Unarmed Combat | 3 |  3.4
Stealth        | 1 |  1.3
Fighting       | 2 |  2.4
Dodging        | |  1.7
Spellcasting   | |  2.0
Transmutations | |  1.7

Action                   || total
-------------------------++-------
Melee: Unarmed           ||    81
       Kick              ||    15
       Headbutt          ||    10
       Punch             ||     1
 Fire: Hunting sling     ||    30
 Cast: Beastly Appendage ||    25
Armor: Robe              ||     9
Dodge: Dodged            ||    36
       Repelled          ||     1

Table legend: (Time is in decaauts)
 A = Elapsed time spent in this place.
 B = Non-inter-level travel time spent in this place.
 C = Inter-level travel time spent in this place.
 D = Time resting spent in this place.
 E = Time spent auto-exploring this place.
 F = Levels seen in this place.
 G = Mean time per level.
                   A        B        C        D        E       F      G
               +--------+--------+--------+--------+--------+-----+--------+
         Total |   2026 |   1972 |     54 |    517 |   1101 |   3 |  675.3 |
       Dungeon |   2026 |   1972 |     54 |    517 |   1101 |   3 |  675.3 |
               +--------+--------+--------+--------+--------+-----+--------+

Top non-repeatable levels by time:
     D:2: 1266 daAuts
     D:1: 627 daAuts
     D:3: 132 daAuts
